 Dungeon Crawl Stone Soup version 0.26-a0-660-gc07710193c (webtiles) character file.

Game seed: 444014324905397942

417 sahdkjhfkaj the Ruffian (level 6, -3/62 HPs)
             Began as a Troll Wanderer on Oct 5, 2020.
             Slain by Grinder (6 damage)
             ... while paralysed by Grinder
             ... on level 3 of the Dungeon.
             The game lasted 00:04:36 (2613 turns).

sahdkjhfkaj the Ruffian (Troll Wanderer)            Turns: 2613, Time: 00:04:36

Health: -3/62      AC:  6    Str: 22    XL:     6   Next: 61%
Magic:  5/5        EV:  1    Int: 10    God:
Gold:   163        SH:  0    Dex:  8    Spells: 5/5 levels left

rFire    . . .     SeeInvis .     - Unarmed
rCold    . . .     Faith    .   (no shield)
rNeg     . . .     Spirit   .   a - +0 robe
rPois    .         Reflect  .   (helmet restricted)
rElec    .         Harm     .   (no cloak)
rCorr    .         Rampage  .   (gloves unavailable)
MR       .....                  (boots unavailable)
Stlth    +.........             (no amulet)
HPRegen  0.60/turn              (no ring)
MPRegen  0.09/turn              (no ring)

@: paralysed, lightly drained
A: large, unfitting armour, claws 3, regeneration 1, shaggy fur 1, tough skin 3
a: no special abilities


You were on level 3 of the Dungeon.
You visited 1 branch of the dungeon, and saw 4 of its levels.

You collected 163 gold pieces.

Inventory:

Missiles
 b - 3 throwing nets (quivered)
Armour
 a - a +0 robe (worn)
Jewellery
 f - an uncursed ring of protection from cold
Wands
 p - a wand of enslavement (8)
Scrolls
 c - a scroll of remove curse
 h - a scroll of identify
 j - a scroll of enchant weapon
 l - 2 scrolls of magic mapping
 m - a scroll of teleportation {unknown}
 q - a scroll of noise {unknown}
Potions
 d - 4 potions of curing
 e - a potion of stabbing {unknown}
 g - 2 potions of might {unknown}
 i - a potion of degeneration {unknown}
 k - 2 potions of lignification {unknown}
 n - a potion of invisibility {unknown}
 o - 2 potions of mutation {unknown}


   Skills:
 - Level 4.0(3.7) Fighting
   Level 1.0(0.7) Bows
 - Level 2.6(2.3) Dodging
   Level 1.5(1.3) Shields
 + Level 5.2(4.9) Unarmed Combat


You had 5 spell levels left.
You didn't know any spells.
Your spell library was empty.

Dungeon Overview and Level Annotations

Branches:
Dungeon (4/15)
 Temple: D:4-7

Altars:
Kikubaaqudgha
Yredelemnul

Annotations:
D:3 Grinder
D:4 Pikel


Innate Abilities, Weirdness & Mutations

You are too large for most types of armour.
You have claws for hands.
Your natural rate of healing is unusually fast.
You are covered in fur. (AC +1)
You have extremely tough skin. (AC +3)


Message History

Grinder hits you!
You writhe in agony.
The lemure closely misses you.
You closely miss Grinder.
Grinder is moderately wounded.
Grinder hits you! The lemure barely misses you.
You barely miss Grinder.
Grinder is moderately wounded.
Grinder gestures at you.
You suddenly lose the ability to move!
The lemure hits you. Grinder hits you.
* * * LOW HITPOINT WARNING * * *
The lemure hits you.
* * * LOW HITPOINT WARNING * * *
Grinder hits you.
* * * LOW HITPOINT WARNING * * *
The lemure hits you.
* * * LOW HITPOINT WARNING * * *
Grinder hits you.
* * * LOW HITPOINT WARNING * * *
You writhe in agony.
You die...

########### #.........##
###### #..........#
#.....
#.####.###.########.####
#.###..# #...........#..
######
#......###.#######......
.....# #.###.5@5..#
##....... ####.#
#.###.###.## #.....#..
#.# #.........#
##...#### #†#
####.#.#### ##.## #.#
#.).# #.# #.# ###.# #.#
####.##### #.# ##'##
#........# #.# ##...##
#.##.###.# #.###
##.....##


You could see Grinder and a lemure.

Vanquished Creatures
  A phantom (D:3)
  2 orc wizards (D:3)
  3 orc priests (D:3)
  A worker ant (D:4)
  3 adders
  3 oozes (D:3)
  2 worms (D:2)
  A dart slug (D:3)
  3 leopard geckos
  13 orcs (D:3)
  14 bats
  7 giant cockroaches
  12 goblins
  9 hobgoblins
  2 jackals (D:1)
  7 kobolds
  A quokka (D:2)
  2 frilled lizards
  A leopard gecko skeleton (D:4)
  8 rats
95 creatures vanquished.

Notes
Turn   | Place    | Note
-------+----------+-------------------------------------------
     0 | D:1      | sahdkjhfkaj the Troll Wanderer began the quest for the Orb.
     0 | D:1      | sahdkjhfkaj set off with the following items: a +0 club, 3
                  | throwing nets, a +0 robe, a potion of curing, a +0 robe
     0 | D:1      | Reached XP level 1. HP: 19/19 MP: 0/0
    45 | D:1      | Reached skill level 2 in Unarmed Combat
    76 | D:1      | Reached XP level 2. HP: 28/28 MP: 1/1
   247 | D:1      | Reached XP level 3. HP: 22/35 MP: 2/2
   311 | D:1      | Reached skill level 3 in Unarmed Combat
   823 | D:2      | Found a faded altar of an unknown god.
   862 | D:2      | Reached XP level 4. HP: 42/42 MP: 3/3
   898 | D:2      | Found a basalt altar of Yredelemnul.
   939 | D:2      | Found an ancient bone altar of Kikubaaqudgha.
  1392 | D:3      | Reached skill level 4 in Unarmed Combat
  1652 | D:3      | Reached XP level 5. HP: 50/53 MP: 4/4
  1900 | D:3      | Noticed a phantom
  1935 | D:3      | Killed a phantom
  1935 | D:3      | Reached skill level 5 in Unarmed Combat
  1935 | D:3      | Reached XP level 6. HP: 41/61 MP: 5/5
  2518 | D:4      | Noticed Grinder
  2523 | D:4      | Noticed Pikel
  2610 | D:3      | Paralysed by Grinder for 3 turns
  2613 | D:3      | HP: 3/62 [Grinder (4)]
  2613 | D:3      | Slain by Grinder

Illustrated notes

Levels and vault maps discovered:
D:1:      minmay_arrival_radiant_lines, layout_basic, minmay_tall_x
D:2:      layout_basic, nicolae_overflow_crystal_walls,
          yredelemnul_altar_generic, chequers_ecumenical_altar_simple_redux
D:3:      layout_loops_corners
D:4:      layout_cave_pools, lemuel_coloured_pillars_altar, serial_glass,
          glass_columns_a, glass_columns_a, glass_columns_a, glass_columns_a,
          glass_columns_a, glass_columns_b, chequers_ossuary_entry_cave,
          trog_butcher_becter, uniq_pikel, uniq_duvessa, uniq_grinder

Skill      XL: |  1  2  3  4  5  6 |
---------------+-------------------+-----
Unarmed Combat | 2 3 4 5 |  5.2
Fighting       | 2 3 4 |  4.0
Bows           | |  1.0
Dodging        | |  2.6
Shields        | |  1.5

Action                   |  1- 3 |  4- 6 || total
-------------------------+-------+-------++-------
Melee: Unarmed           |   128 |   197 ||   325
       Punch             |       |     1 ||     1
  Use: Scroll            |       |     4 ||     4
Armor: Robe              |    67 |    83 ||   150
Dodge: Dodged            |    79 |   117 ||   196

Table legend: (Time is in decaauts)
 A = Elapsed time spent in this place.
 B = Non-inter-level travel time spent in this place.
 C = Inter-level travel time spent in this place.
 D = Time resting spent in this place.
 E = Time spent auto-exploring this place.
 F = Levels seen in this place.
 G = Mean time per level.
                   A        B        C        D        E       F      G
               +--------+--------+--------+--------+--------+-----+--------+
         Total |   2594 |   2513 |     81 |    140 |   1713 |   4 |  648.5 |
       Dungeon |   2594 |   2513 |     81 |    140 |   1713 |   4 |  648.5 |
               +--------+--------+--------+--------+--------+-----+--------+

Top non-repeatable levels by time:
     D:3: 1156 daAuts
     D:2: 763 daAuts
     D:1: 637 daAuts
     D:4: 37 daAuts
